 Dungeon Crawl Stone Soup version 0.27-a0-760-gc38aae387d (webtiles) character file.

Game seed: 13299809195014384995

24 Goblin1989 the Magician (level 3, -6/25 HPs)
             Began as a Djinni Fire Elementalist on Mar 24, 2021.
             Shot with an arrow by a centaur (12 damage)
             ... on level 3 of the Dungeon.
             The game lasted 00:06:49 (1693 turns).

Goblin1989 the Magician (Djinni Fire Elementalist)  Turns: 1693, Time: 00:06:49

Health: -6/25      AC:  2    Str:  7    XL:     3   Next: 2%
Gold:   76         EV: 12    Int: 17    God:
                   SH:  0    Dex: 13

rFire    + + .     SeeInvis .   c - +0 hand axe (venom)
rCold    x . .     Faith    .   (no shield)
rNeg     . . .     Spirit   .   a - +0 robe
rPois    ∞         Reflect  .   (no helmet)
rElec    .         Harm     .   (no cloak)
rCorr    .         Rampage  .   (no gloves)
Will     .....                  (boots unavailable)
Stlth    ++........             (no amulet)
HPRegen  0.08/turn              (no ring)
MPRegen  0.00/turn              (no ring)

@: flying, very slightly contaminated
A: fire resistance 2, cold vulnerability 1, float, innate caster, hp casting,
extra vitality 1
a: no special abilities


You were on level 3 of the Dungeon.
You visited 1 branch of the dungeon, and saw 4 of its levels.

You collected 76 gold pieces.

Inventory:

Hand Weapons
 c - a +0 hand axe of venom (weapon)
Armour
 a - a +0 robe (worn)
Scrolls
 b - a scroll of identify {unknown}
 e - a scroll of amnesia {unknown}
 f - a scroll of noise {unknown}
Potions
 d - a potion of ambrosia {unknown}
 g - a potion of cancellation {unknown}
 h - a potion of haste {unknown}
 i - a potion of brilliance {unknown}


   Skills:
 + Level 3.0 Dodging
 - Level 1.5 Stealth
 + Level 3.1 Spellcasting


You couldn't memorise any spells.
You knew the following spells:

 Your Spells              Type           Power      Damage    Failure   Level
a - Foxfire               Conj/Fire      52%        2x1d6     4%          1
b - Inner Flame           Hex/Fire       13%        N/A       14%         3
c - Sticky Flame          Conj/Fire      13%        2d4       43%         4
d - Fireball              Conj/Fire      6%         3d5       78%         5
e - Beastly Appendage     Tmut           26%        N/A       4%          1
j - Conjure Flame         Conj/Fire      13%        6-21      14%         3
Your spell library was empty.

Dungeon Overview and Level Annotations

Branches:
Dungeon (4/15)
 Temple: D:4-7

Altars:


Innate Abilities, Weirdness & Mutations

You are immune to poison.
Your flesh is very heat resistant. (rF++)
You are vulnerable to cold. (rC-)
You float through the air rather than walking.
You learn spells naturally, not from books.
Your magical power is your life essence.
You have superior vitality. (+4 HP)


Message History

You are sucked into a shaft and drop 2 floors!
The shaft crumbles and collapses.
You hear the sound of rushing water.
There is an entrance to a sewer on this level.
Hurry and find it before the portal rusts away!
A ball python comes into view.
The ball python hisses angrily.
A kobold comes into view. It is wielding a +0 dagger.
The kobold shouts!
A ball python comes into view.
The ball python hisses angrily.
Found 17 gold pieces and a scroll labelled PIAWEN FYPY.
Found an escape hatch in the floor and an escape hatch in the ceiling.
Found a stone staircase leading up.
A hound comes into view.
Unknown command.
An adder comes into view.
There is an escape hatch in the ceiling here.
Really go through this one-way escape hatch?
A mysterious force pulls you upwards. The hatch slams shut behind you.
Found 11 gold pieces.
A bat comes into view.
A bat is nearby!
Cast which spell? (? or * to list)
You conjure some foxfire!
You take 1 damage, and have 20/21 hp.
Casting: Foxfire (safe; 4% risk of failure)
Confirm with . or Enter, or press ? or * to list all spells.
You conjure some foxfire!
The foxfire hits the bat.
You kill the bat!
You have reached level 3!
Your experience leads to an increase in your attributes!
Increase (s)trength, (i)ntelligence, or (d)exterity?
You feel clever.
Spell assigned to 'e'.
The power to cast Beastly Appendage wells up from within.
You regained 3 hp, and now have 23/25 hp.
Unknown command.
Your foxfire dissipates!
Your foxfire dissipates!
HP restored.
You now have 76 gold pieces (gained 11).
Found a stone staircase leading up.
Health restored: 25 A centaur comes into view.
A centaur is nearby!
Sorry, you're not good enough to have a special ability.
Unknown command.
Casting: Foxfire (safe; 4% risk of failure)
Confirm with . or Enter, or press ? or * to list all spells.
You conjure some foxfire!
You take 1 damage, and have 24/25 hp.
Casting: Foxfire (safe; 4% risk of failure)
Confirm with . or Enter, or press ? or * to list all spells.
You conjure some foxfire!
The centaur shouts!
You take 1 damage, and have 23/25 hp.
Casting: Foxfire (safe; 4% risk of failure)
Confirm with . or Enter, or press ? or * to list all spells.
You conjure some foxfire!
The foxfire hits the centaur.
The centaur is lightly wounded.
You take 1 damage, and have 22/25 hp.
Casting: Foxfire (safe; 4% risk of failure)
Confirm with . or Enter, or press ? or * to list all spells.
You conjure some foxfire!
The foxfire hits the centaur.
The centaur is moderately wounded.
Your foxfire dissipates!
The foxfire hits the centaur but does no damage.
The centaur is moderately wounded.
You take 1 damage, and have 21/25 hp.
Casting: Foxfire (safe; 4% risk of failure)
Confirm with . or Enter, or press ? or * to list all spells.
You miscast Foxfire.
You are very lightly contaminated with residual magic.
Nothing appears to happen.
The foxfire hits the centaur.
The centaur is heavily wounded.
The foxfire hits the centaur but does no damage.
The centaur is heavily wounded.
The foxfire hits the centaur but does no damage.
The centaur is heavily wounded.
The centaur wields a +1 shortbow of flaming.
It bursts into flame!
The centaur shoots an arrow.
The arrow hits you.
You take 5 damage, and have 16/25 hp.
Casting: Foxfire (safe; 4% risk of failure)
Confirm with . or Enter, or press ? or * to list all spells.
You conjure some foxfire!
The foxfire hits the centaur.
The centaur is heavily wounded.
The centaur shoots an arrow.
The arrow hits you!
* * * LOW HITPOINT WARNING * * *
The arrow burns you.
* * * LOW HITPOINT WARNING * * *
You take 10 damage, and have 6/25 hp.
MASSIVE DAMAGE!!
Casting: Foxfire (safe; 4% risk of failure)
Confirm with . or Enter, or press ? or * to list all spells.
You don't know that spell.
The foxfire hits the centaur.
The centaur is heavily wounded.
The foxfire hits the centaur.
The centaur is severely wounded.
The centaur shoots an arrow.
The arrow hits you!
You die... █.█ █.█ ..█ █.█ █.█ ..███ █.█ █.█████..... ██.█ ██.......... ..█ █.........███ █ █c█

█..█████....█
█.██.████............
█.██..§§§............█.█
█......@█..█†.█████..█
█.............<.. ..█
█.............████ ..█
...█..█.█..█.██ ..█
............... █.█
█..█............ .█
█..........█.██. .█
█..█..█.█.....


You could see a centaur.

Vanquished Creatures
  5 endoplasms (D:1)
  A giant cockroach (D:1)
  2 goblins (D:1)
  2 hobgoblins (D:1)
  2 jackals (D:1)
  2 ball pythons (D:1)
  2 bats
  A frilled lizard (D:1)
  3 kobolds (D:1)
  2 rats (D:1)
22 creatures vanquished.

Vanquished Creatures (others)
  73 foxfires
73 creatures vanquished.

Grand Total: 95 creatures vanquished

Notes
Turn   | Place    | Note
-------+----------+-------------------------------------------
     0 | D:1      | Goblin1989 the Djinni Fire Elementalist began the quest for
                  | the Orb.
     0 | D:1      | Reached XP level 1. HP: 15/15 MP: 0/0
   601 | D:1      | Reached XP level 2. HP: 18/21 MP: 0/0
  1640 | D:2      | You are sucked into a shaft and drop 2 floors!
  1649 | D:3      | Reached XP level 3. HP: 23/25 MP: 0/0
  1649 | D:3      | Learned a level 1 spell: Beastly Appendage
  1685 | D:3      | Noticed a centaur
  1693 | D:3      | Shot with an arrow by a centaur

Illustrated notes

Levels and vault maps discovered:
D:1:      dpeg_arrival_yet_another_circle, layout_rooms, minmay_misc_feat_tower
D:2:      layout_basic, bloody_makhleb
D:3:      layout_basic, lemuel_coloured_pillars_altar, serial_shops, shop,
          kennysheep_pointless_box, uniq_crazy_yiuf_cottage
D:4:      layout_rooms, nicolae_wu_jian_wuxing_cycle, portal_sewer_entry_e,
          serial_shops, nicolae_shop_behind_doors

Skill      XL: |  1  2 |
---------------+-------+-----
Spellcasting   | 3 |  3.1
Dodging        | 3 |  3.0
Stealth        | |  1.5

Action                   || total
-------------------------++-------
Melee: Unarmed           ||    10
       Hand axe          ||     1
 Cast: Foxfire           ||    46
Armor: Robe              ||     1
Dodge: Dodged            ||     4

Table legend: (Time is in decaauts)
 A = Elapsed time spent in this place.
 B = Non-inter-level travel time spent in this place.
 C = Inter-level travel time spent in this place.
 D = Time resting spent in this place.
 E = Time spent auto-exploring this place.
 F = Levels seen in this place.
 G = Mean time per level.
                   A        B        C        D        E       F      G
               +--------+--------+--------+--------+--------+-----+--------+
         Total |   1692 |   1678 |     14 |    702 |    811 |   4 |  423.0 |
       Dungeon |   1692 |   1678 |     14 |    702 |    811 |   4 |  423.0 |
               +--------+--------+--------+--------+--------+-----+--------+

Top non-repeatable levels by time:
     D:1: 1624 daAuts
     D:3: 47 daAuts
     D:2: 14 daAuts
     D:4: 4 daAuts
